Map: Ley Lines

Players

Vaisravana - Winner!

  • Race: Protoss Protoss
  • Spawn Location: 7:00

kitune

  • Race: Zerg Zerg
  • Spawn Location: 1:00

VOD

Have the link to the VOD?

Description

Time

  • Played on: June 19, 2025, 3:07 p.m.
  • Length: 17:11
Show
View Real Time Build Order
Export as new Build Order

Vaisravana Protoss - Winner!

Build Orders: 1 Gate Expand, Oracle Opening, Zealot Archon 

Get SALT Encoding   

  12  0:00  Probe  
  13  0:12  Probe  
  14  0:18  Pylon  
  14  0:25  Probe  
  15  0:35  Probe  
  16  0:43  Gateway, Probe  
  16  0:49  Assimilator  
  17  0:51  Probe  
  18  1:03  Probe  
  19  1:15  Probe  
  20  1:30  Cybernetics Core  
  20  1:37  Nexus  
  20  1:41  Probe  
  21  1:47  Pylon  
  21  1:53  Probe  
  22  1:56  Assimilator, Adept  
  22  2:05  Probe  
  25  2:16  Cybernetics Core  
  25  2:18  Stalker  
  25  2:19  Probe  
  26  2:23  Warp Gate  
  26  2:32  Probe  
  29  2:42  Stargate  
  29  2:45  Probe  
  29  2:49  Probe  
  31  2:53  Adept  
  31  2:57  Probe  
  34  3:01  Probe  
  34  3:09  Probe  
  35  3:13  Probe  
  35  3:15  Oracle  
  36  3:22  Probe  
  36  3:25  Probe  
  41  3:29  Pylon  
  41  3:34  Probe  
  42  3:38  Probe  
  43  3:46  Probe  
  44  3:50  Probe  
  44  3:52  Oracle  
  44  3:54  Pylon  
  48  3:58  Nexus  
  48  4:04  Probe x2  
  50  4:16  Probe x2  
  52  4:24  Assimilator  
  52  4:27  Assimilator, Twilight Council  
  52  4:28  Probe x2  
  54  4:39  Pylon  
  54  4:40  Probe x2  
  54  4:45  Gateway  
  56  4:46  Gateway x2  
  56  4:49  Gateway  
  56  4:50  Blink  
  56  4:55  Probe x2  
  58  5:07  Probe x2  
  58  5:13  Probe  
  61  5:19  Probe  
  61  5:20  Probe  
  63  5:21  Forge  
  63  5:23  Gateway  
  63  5:26  Templar Archives  
  63  5:27  Probe  
  64  5:29  Pylon  
  64  5:30  Pylon  
  64  5:32  Probe x2  
  66  5:40  Probe  
  66  5:41  Protoss Ground Weapons Level 1  
  67  5:44  Probe x2  
  67  5:49  Stalker x3  
  75  5:50  Stalker  
  75  5:52  Probe  
  75  5:53  Psionic Storm  
  78  6:00  Stalker  
  77  6:10  Probe x3  
  80  6:12  Assimilator  
  80  6:16  Assimilator  
  80  6:19  Pylon  
  80  6:21  Gateway  
  80  6:24  Gateway  
  80  6:26  Stalker x2  
  80  6:27  Probe x3  
  80  6:31  Shield Battery  
  87  6:39  Probe  
  90  6:41  Pylon  
  90  6:42  Probe  
  90  6:43  Probe  
  90  6:47  Photon Cannon  
  90  6:51  Probe  
  90  6:52  Charge  
  91  6:54  High Templar, Probe  
  91  6:55  High Templar x3  
  91  6:59  Archon x2  
  100  7:06  Pylon  
  100  7:07  Pylon  
  100  7:10  Robotics Facility, Zealot x2  
  104  7:24  Pylon  
  104  7:40  High Templar x4  
  104  7:41  Zealot x4  
  120  7:47  Nexus  
  120  7:50  Shield Battery  
  120  7:52  Photon Cannon x2  
  120  7:56  Pylon  
  120  7:59  Pylon  
  120  8:01  Observer  
  120  8:04  Protoss Ground Weapons Level 2  
  121  8:06  Zealot x3  
  121  8:07  Zealot  
  121  8:10  Pylon  
  129  8:12  Zealot  
  129  8:13  Zealot  
  129  8:17  Pylon x2  
  133  8:21  Probe x3  
  133  8:22  Observer  
  136  8:31  High Templar x2  
  141  8:36  Zealot x4  
  141  8:37  Zealot x2  
  153  8:42  Immortal  
  157  8:50  Pylon  
  157  8:51  Pylon  
  157  8:55  Gateway  
  157  8:57  Gateway  
  157  8:59  Probe x4  
  157  9:02  Gateway  
  161  9:03  Pylon  
  161  9:09  High Templar  
  163  9:10  High Templar x4  
  163  9:11  Assimilator  
  163  9:14  Assimilator, Archon x2  
  171  9:17  High Templar  
  173  9:24  Archon  
  173  9:26  Zealot x2  
  173  9:28  Warp Prism  
  179  9:43  Zealot x4  
  179  9:44  Zealot  
  189  9:57  Nexus  
  189  9:58  Pylon  
  189  9:59  Photon Cannon  
  189  10:00  Pylon, Shield Battery  
  189  10:02  Pylon  
  189  10:04  Pylon  
  189  10:18  Zealot x2  
  189  10:19  Zealot  
  176  10:47  Zealot x2  
  176  10:48  Zealot x5  
  176  10:49  Zealot x3  
  186  10:50  Zealot  
  188  10:59  Stargate  
  188  11:02  Fleet Beacon  
  188  11:11  Nexus  
  186  11:19  Pylon  
  186  11:22  Pylon  
  168  11:28  Protoss Ground Weapons Level 3  
  168  11:37  Tempest x2  
  164  11:42  Protoss Air Weapons Level 1  
  170  12:01  Nexus  
  170  12:03  Immortal  
  160  12:21  Zealot x3  
  160  12:22  Zealot x5  
  174  12:23  Zealot  
  174  12:25  Tempest x2  
  184  12:57  Tempest x2  
  185  13:21  Zealot x4  
  185  13:22  Zealot x3  
  187  13:29  Immortal  
  175  13:48  Zealot x4  
  175  13:49  Zealot x6  
  173  14:14  Oracle  
  173  14:15  Tempest  
  150  14:30  Zealot  
  150  14:31  Zealot x4  
  158  14:32  Zealot x2  
  158  14:33  Immortal  
  162  15:20  Carrier x2  
  176  15:21  Immortal  
  176  15:22  High Templar  
  176  15:23  High Templar x7  
  176  15:24  High Templar x3  
  194  15:53  Archon  
  194  15:54  Archon  
  194  15:55  Archon  
  186  16:17  Zealot  
  186  16:18  Zealot x6  
  200  16:45  Pylon  
Show
View Real Time Build Order
Export as new Build Order

kitune Zerg 

Build Orders: Pool First, Lurkers 

Get SALT Encoding   

  12  0:01  Drone  
  13  0:15  Overlord  
  13  0:17  Drone  
  14  0:37  Drone x2  
  14  0:41  Spawning Pool  
  15  0:45  Drone  
  16  0:53  Drone  
  17  1:10  Hatchery  
  16  1:13  Drone  
  16  1:16  Extractor  
  16  1:29  Zergling x2  
  16  1:30  Zergling x2  
  16  1:31  Zergling x2  
  19  1:41  Queen  
  19  1:43  Drone  
  22  1:53  Overlord  
  22  2:11  Drone  
  22  2:15  Drone  
  24  2:16  Queen  
  26  2:24  Drone  
  26  2:25  Drone  
  26  2:28  Metabolic Boost  
  27  2:36  Drone x2  
  29  3:00  Queen  
  31  3:09  Hatchery  
  31  3:11  Drone x4  
  34  3:16  Overlord  
  34  3:21  Drone  
  35  3:33  Overlord  
  35  3:36  Drone x5  
  35  3:37  Drone  
  41  3:49  Drone x2  
  41  3:52  Overlord  
  43  3:56  Drone  
  43  3:57  Drone x2  
  46  4:14  Drone x6  
  52  4:22  Spore Crawler  
  52  4:23  Spore Crawler  
  50  4:25  Queen  
  50  4:26  Queen  
  50  4:27  Queen  
  50  4:30  Drone  
  50  4:31  Drone x3  
  60  4:38  Drone  
  60  4:39  Drone x2  
  60  4:42  Drone x2  
  60  4:43  Extractor  
  60  4:44  Overlord  
  64  4:50  Spore Crawler  
  63  4:53  Extractor  
  63  4:57  Extractor  
  61  5:05  Extractor  
  60  5:18  Drone x3  
  60  5:20  Drone  
  60  5:21  Drone x2  
  66  5:22  Drone  
  66  5:23  Drone x2  
  66  5:26  Drone  
  70  5:28  Drone  
  70  5:29  Drone x2  
  70  5:30  Drone  
  70  5:35  Overlord x4  
  72  5:45  Queen  
  71  6:03  Drone x2  
  71  6:04  Drone x2  
  75  6:12  Lair  
  75  6:14  Drone  
  75  6:15  Drone x2  
  75  6:17  Zergling x12  
  75  6:18  Zergling x10, Hatchery  
  88  6:22  Queen  
  90  6:36  Queen  
  92  6:46  Drone  
  92  6:47  Drone  
  94  6:56  Hatchery  
  93  7:13  Hydralisk Den  
  92  7:27  Hydralisk Den  
  91  7:32  Infestation Pit  
  91  7:33  Queen  
  91  7:43  Queen  
  93  7:47  Muscular Augments  
  93  7:52  Lurker Den  
  92  8:00  Extractor  
  92  8:03  Drone  
  92  8:04  Drone x10  
  102  8:06  Overlord x4  
  102  8:07  Overlord x4, Extractor  
  102  8:09  Queen  
  102  8:10  Extractor  
  102  8:21  Hive  
  102  8:22  Evolution Chamber  
  102  8:23  Evolution Chamber  
  100  8:28  Drone x2  
  100  8:32  Drone  
  100  8:33  Drone x2  
  105  8:34  Drone x2  
  105  8:35  Drone  
  108  8:50  Drone x4  
  108  8:51  Grooved Spines  
  108  8:55  Drone x3  
  114  8:59  Spore Crawler, Drone  
  115  9:02  Hydralisk  
  115  9:03  Hydralisk x13  
  115  9:08  Hydralisk  
  115  9:09  Hydralisk x4  
  153  9:31  Lurker x7  
  154  9:32  Lurker x7  
  167  9:49  Seismic Spines  
  167  9:51  Hydralisk x6  
  179  9:54  Overlord x7  
  179  9:55  Zergling x2  
  179  9:56  Zergling x4  
  182  10:05  Overlord x2  
  182  10:06  Overlord x2  
  182  10:08  Zerg Missile Weapons Level 1  
  182  10:09  Zerg Ground Armor Level 1  
  182  10:16  Hydralisk x6  
  162  10:45  Spine Crawler x4  
  162  10:46  Adaptive Talons, Spine Crawler  
  162  10:48  Spine Crawler  
  141  10:50  Spine Crawler x3  
  141  10:52  Hydralisk x5  
  141  10:53  Hydralisk x4  
  156  10:58  Zergling x12  
  156  10:59  Zergling x40  
  182  11:06  Spine Crawler  
  182  11:07  Spine Crawler  
  182  11:09  Spine Crawler  
  173  11:12  Spine Crawler  
  173  11:13  Spine Crawler  
  173  11:16  Spine Crawler  
  173  11:17  Spine Crawler  
  147  11:26  Queen  
  147  11:30  Drone x4  
  146  11:40  Drone x3  
  146  11:45  Lurker  
  146  11:46  Lurker x6  
  144  11:49  Zergling x8  
  144  11:50  Zergling x32  
  164  12:01  Queen  
  164  12:03  Queen  
  164  12:05  Zerg Missile Weapons Level 2  
  164  12:06  Zerg Ground Armor Level 2  
  164  12:18  Drone x5  
  169  12:31  Hatchery  
  168  12:38  Nydus Network  
  155  12:46  Adrenal Glands  
  148  12:53  Hydralisk  
  148  12:54  Hydralisk x6  
  148  12:56  Zergling x2  
  148  12:57  Zergling x30  
  148  12:58  Zergling x2  
  168  13:05  Spine Crawler  
  168  13:06  Spine Crawler  
  168  13:07  Spine Crawler  
  147  13:21  Spire  
  147  13:24  Hydralisk  
  147  13:25  Hydralisk x6  
  151  13:31  Drone  
  151  13:32  Drone x4  
  155  13:38  Overseer  
  155  13:51  Drone  
  155  13:52  Drone x2  
  155  13:53  Drone  
  155  13:54  Drone x8  
  162  14:03  Hydralisk  
  162  14:04  Hydralisk x2  
  138  14:20  Nydus Canal  
  124  14:27  Hydralisk x4  
  124  14:28  Hydralisk x3  
  131  14:35  Spore Crawler  
  127  14:42  Hydralisk  
  127  14:43  Hydralisk x5  
  108  15:03  Hydralisk  
  108  15:04  Hydralisk x4  
  113  15:12  Hatchery  
  113  15:13  Zergling x2  
  113  15:14  Zergling x8  
  86  15:38  Hydralisk x5  
  76  15:50  Corruptor x2  
  76  15:56  Spore Crawler  
  71  15:59  Spore Crawler  
  71  16:01  Hydralisk x2  
  72  16:20  Hatchery  
  77  17:00  Hatchery  
Tags
 
Add a new tag
Caveats
  • Supply blocks, unpowered buildings, or Contaminate may cause inaccurate times.
  • Supply counts are checked every 10 seconds.